 Dungeon Crawl Stone Soup version 0.27.1-35-g4d5d836560 (webtiles) character file.

Game seed: 5792782630055721388

10 codytheliberalslayer the Caller (level 2, -1/15 HPs)
             Began as a Tengu Summoner on Aug 16, 2022.
             Was an Initiate of Ru.
             Slain by a kobold (2 damage)
             ... on level 1 of the Dungeon.
             The game lasted 00:07:47 (504 turns).

codytheliberalslayer the Caller (Tengu Summoner)     Turns: 504, Time: 00:07:48

Health: -1/15      AC:  2    Str:  8    XL:     2   Next: 20%
Magic:  6/6        EV: 12    Int: 15    God:    Ru [......]
Gold:   44         SH:  0    Dex: 14    Spells: 4/5 levels left

rFire    . . .     SeeInvis .   (no weapon)
rCold    . . .     Faith    .   (no shield)
rNeg     . . .     Spirit   .   a - +0 robe
rPois    .         Reflect  .   (helmet restricted)
rElec    .         Harm     .   (no cloak)
rCorr    .         Rampage  .   (no gloves)
Will     .....                  (boots unavailable)
Stlth    ++........             (no amulet)
HPRegen  0.05/turn              (no ring)
MPRegen  0.10/turn              (no ring)

@: no status effects
A: beak, talons 3
a: Renounce Religion, Sacrifice Words, Sacrifice Artifice, Sacrifice Arcana,
Reject Sacrifices


You were on level 1 of the Dungeon.
You worshipped Ru.
Ru was noncommittal.
You visited 1 branch of the dungeon, and saw 1 of its levels.

You collected 44 gold pieces.

Inventory:

Armour
 a - a +0 robe (worn)
Scrolls
 c - a scroll of magic mapping {unknown}
Potions
 b - 2 potions of lignification {unknown}
 d - a potion of flight {unknown}


   Skills:
 + Level 2.2 Dodging
 + Level 2.0 Stealth
 + Level 2.1 Spellcasting
 + Level 5.3 Summonings


You had 4 spell levels left.
You knew the following spells:

 Your Spells              Type           Power      Damage    Failure   Level
a - Summon Small Mammal   Summ           68%        N/A       2%          1

Your spell library contained the following spells:

 Spells                   Type           Power      Damage    Failure   Level
 Call Imp                 Summ           17%        N/A       3%          2
 Call Canine Familiar     Summ           17%        N/A       8%          3
 Summon Guardian Golem    Hex/Summ       9%         N/A       22%         3
 Summon Lightning Spire   Summ/Air       9%         N/A       58%         4


Dungeon Overview and Level Annotations

Branches:
Dungeon (1/15)

Altars:
Ru


Innate Abilities, Weirdness & Mutations

You have a beak for a mouth.
You have claws for feet.


Message History

HP restored.
You see here a +0 leather armour.
You now have 29 gold pieces (gained 14).
You now have 44 gold pieces (gained 15).
d - a brown potion A frilled lizard comes into view.
A frilled lizard comes into view.
Found a grey potion.
You see here a frilled lizard skeleton.
The frilled lizard hisses angrily.
A kobold comes into view. It is wielding a +0 dagger.
The frilled lizard bites you.
The kobold shouts!
The frilled lizard closely misses you. The frilled lizard bites you.
The frilled lizard bites you but does no damage.
The kobold hits you with a +0 dagger.
The frilled lizard hisses.
The frilled lizard closely misses you. The kobold barely misses you.
The frilled lizard bites you but does no damage.
The kobold barely misses you.
The frilled lizard bites you but does no damage.
The kobold hits you with a +0 dagger. The frilled lizard barely misses you.
The kobold hits you but does no damage. The frilled lizard barely misses you.
The kobold hits you with a +0 dagger. The frilled lizard bites you.
The kobold closely misses you. The frilled lizard bites you.
The kobold closely misses you. The frilled lizard barely misses you.
The kobold barely misses you. The frilled lizard bites you.
* * * LOW HITPOINT WARNING * * *
The kobold closely misses you. The frilled lizard bites you.
* * * LOW HITPOINT WARNING * * *
The kobold hits you with a +0 dagger.
* * * LOW HITPOINT WARNING * * *
The frilled lizard barely misses you. The kobold hits you but does no damage.
The frilled lizard closely misses you. The kobold barely misses you.
The frilled lizard bites you but does no damage.
The kobold hits you with a +0 dagger.
You die...

.# .. .. ..# #.####..#
....... .#.... .!.... .....#
#.#.# .#... #lK.# ....
###@..# ...# #...#..# ...#
##.#.# ..# ..# #..#รท# #.#
..### #l####.#..# #.# ....#
#......#..# #.######## ....#
# ####...# #........#
.#..####..# #.#.# #........#
.#....##..####.#.###........#


You could see a kobold and a frilled lizard.

Vanquished Creatures
  2 ball pythons (D:1)
  A rat (D:1)
3 creatures vanquished.

Vanquished Creatures (collateral kills)
  3 endoplasms (D:1)
  A goblin (D:1)
  A ball python (D:1)
  2 frilled lizards (D:1)
  2 rats (D:1)
9 creatures vanquished.

Grand Total: 12 creatures vanquished

Notes
Turn   | Place    | Note
-------+----------+-------------------------------------------
     0 | D:1      | codytheliberalslayer the Tengu Summoner began the quest for
                  | the Orb.
     0 | D:1      | Reached XP level 1. HP: 10/10 MP: 4/4
    67 | D:1      | Reached skill level 5 in Summonings
   316 | D:1      | Reached XP level 2. HP: 15/15 MP: 4/6
   326 | D:1      | Found a faded altar of an unknown god.
   339 | D:1      | Became a worshipper of Ru the Awakened
   504 | D:1      | Slain by a kobold

Illustrated notes

Levels and vault maps discovered:
D:1:      dpeg_arrival_erosion, layout_rooms, hellmonk_ecumenical_altar_lost_god

Skill      XL: |  1 |
---------------+----+-----
Summonings     | 5 |  5.3
Dodging        | |  2.2
Stealth        | |  2.0
Spellcasting   | |  2.1

Action                   || total
-------------------------++-------
Melee: Unarmed           ||    16
       Kick              ||     6
       Peck              ||     1
 Cast: Summon Small Mamm ||    13
 Stab: Sleeping          ||     1
Armor: Robe              ||    11
Dodge: Dodged            ||    28
